 Dungeon Crawl Stone Soup version 0.32-a0-630-g46d191b0ed (webtiles) character file.

Game seed: 2796705590217862262

45 Dittersdorf the Shield-Bearer (level 3, -8/24 HPs)
             Began as a Gargoyle Fighter on Mar 6, 2024.
             Mangled by an ice beast (13 damage)
             ... on level 2 of the Dungeon.
             The game lasted 00:01:36 (1421 turns).

Dittersdorf the Shield-Bearer (Gargoyle Fighter)    Turns: 1421, Time: 00:01:37

Health: -8/24      AC: 16    Str: 21    XL:     3   Next: 64%
Magic:  3/3        EV:  7    Int:  8    God:
Gold:   144        SH:  4    Dex:  9    Spells: 2/2 levels left

rFire   . . .        a - +0 flail
rCold   . . .        c - +0 buckler
rNeg    + . .        f - +0 chain mail
rPois   ∞            k - +0 helmet
rElec   +            (no cloak)
rCorr   .            r - +0 pair of gloves
SInv    .            q - +0 pair of boots
Will    .....        l - amulet of faith Stlth
                     (no ring)
HPRegen 0.24/turn    (no ring)
MPRegen 0.08/turn

%: faith
@: no status effects
A: sickness immunity, AC +3, negative energy resistance 1, electricity
resistance, torment resistance 1, petrification resistance
a: no special abilities


You were on level 2 of the Dungeon.
You visited 1 branch of the dungeon, and saw 3 of its levels.

You collected 144 gold pieces.

Inventory:

Hand Weapons
 a - a +0 flail (weapon)
Armour
 c - a +0 buckler (worn)
 f - a +0 chain mail (worn)
 k - a +0 helmet (worn)
 q - a +0 pair of boots (worn)
 r - a +0 pair of gloves (worn)
Jewellery
 l - an amulet of faith (around neck)
Scrolls
 e - a scroll of acquirement {unknown}
 g - 2 scrolls of fear {unknown}
 i - a scroll of enchant armour {unknown}
 j - a scroll of teleportation {unknown}
 n - a scroll of immolation {unknown}
 o - a scroll of identify {unknown}
 p - a scroll of revelation {unknown}
 s - a scroll of amnesia {unknown}
Potions
 b - 2 potions of brilliance {unknown}
 d - a potion of might
 h - a potion of curing {unknown}
 m - a potion of mutation {unknown}
 t - a potion of ambrosia {unknown}


   Skills:
 + Level 3.7 Fighting
 + Level 2.5 Maces & Flails
 + Level 3.8 Armour
 + Level 3.8 Shields


You had 2 spell levels left.
You didn't know any spells.
Your spell library was empty.

Dungeon Overview and Level Annotations

Branches:
Dungeon (3/15)

Altars:
Dithmenos

Shops:
D:1 *

Annotations:
D:3 Grinder


Innate Abilities, Weirdness & Mutations

You are immune to sickness and miasma.
Your stone body is resilient. (AC +3)
You are immune to poison.
You resist negative energy. (rN+)
You are resistant to electric shocks. (rElec)
You are resistant to unholy torment.
You are immune to petrification.


Message History

Grinder hits you.
The frilled lizard bites you but does no damage.
Grinder gestures at you. Pain shoots through your body!
The goblin hits you but does no damage.
The frilled lizard bites you but does no damage.
The ice beast hits you but does no damage.
You can move again.
There is an open door here.
There is an open door here.
There is an open door here.
Grinder blinks!
There is an open door here.
There is an open door here.
There is a stone staircase leading up here.
The ice beast hits you. The ice beast freezes you.
You climb upwards.
There is a stone staircase leading down here.
You barely miss the ice beast.
The ice beast hits you but does no damage.
The ice beast hits you. The ice beast freezes you!
* * * LOW HITPOINT WARNING * * *
You are too injured to fight recklessly!
You are too injured to fight recklessly!
You sock the ice beast!
The ice beast is moderately wounded.
The ice beast hits you but does no damage.
You hit the ice beast.
The ice beast is moderately wounded.
The ice beast hits you but does no damage.
You closely miss the ice beast.
The ice beast is moderately wounded.
The ice beast closely misses you.
The ice beast hits you but does no damage.
You hit the ice beast but do no damage.
The ice beast is moderately wounded.
The ice beast hits you.
* * * LOW HITPOINT WARNING * * *
The ice beast freezes you!
Ouch! That really hurt!
You die...

####.# #...## #....# #.#
######...### #...#. #.##
#.^.####...###...÷(
#..####.########...#.....
##....#.# #.#............
####...# #......).......
##..####..........#..
#...Y............#..
##..@................
#...#..##............
#######.#...###............
#.......#...####......#####
#.................##.## ##
#.........##.........# #.
#........###.......### #.
#........###.......# #.
##.................########.


You could see an ice beast.

Vanquished Creatures
  An adder (D:2)
  A dart slug (D:1)
  3 bats
  3 endoplasms
  8 goblins
  4 hobgoblins
  3 kobolds (D:1)
  4 ball pythons
  2 frilled lizards
  2 rats
31 creatures vanquished.

Notes
Turn   | Place    | Note
-------+----------+-------------------------------------------
     0 | D:1      | Dittersdorf the Gargoyle Fighter began the quest for the
                  | Orb.
     0 | D:1      | Reached XP level 1. HP: 14/14 MP: 1/1
   229 | D:1      | Reached XP level 2. HP: 19/19 MP: 2/2
   423 | D:1      | Found Lorghempi's Assorted Antiques.
   755 | D:2      | Reached XP level 3. HP: 23/23 MP: 3/3
  1301 | D:3      | Found a shadowy altar of Dithmenos.
  1326 | D:3      | Noticed Grinder
  1327 | D:3      | Noticed an ice beast
  1333 | D:3      | Paralysed by Grinder for 3 turns
  1421 | D:2      | Mangled by an ice beast

Illustrated notes

Levels and vault maps discovered:
D:1:      dpeg_arrival_houses_and_road, layout_basic, serial_shops, shop
D:2:      layout_rooms, serial_curves, eino_curves_03, eino_curves_03,
          minivault_23
D:3:      layout_basic, mainiacjoe_overflow_24_doors,
          nicolae_overflow_quartered_altars, ebering_ecumenical_altar_webs,
          minmay_misc_feat_encased, corexii_leaking_fountain,
          kennysheep_generic_room_8, uniq_grinder

Action                     || total
---------------------------++-------
  Melee: Flail             ||    74
 Armour: Chain mail        ||    73
         Scale mail        ||     1
  Dodge: Dodged            ||    29
  Block: Buckler           ||    12

Table legend: (Time is in decaauts)
 A = Elapsed time spent in this place.
 B = Non-inter-level travel time spent in this place.
 C = Inter-level travel time spent in this place.
 D = Time resting spent in this place.
 E = Time spent auto-exploring this place.
 F = Levels seen in this place.
 G = Mean time per level.
                   A        B        C        D        E       F      G
               +--------+--------+--------+--------+--------+-----+--------+
         Total |   1443 |   1391 |     52 |      0 |   1061 |   3 |  481.0 |
       Dungeon |   1443 |   1391 |     52 |      0 |   1061 |   3 |  481.0 |
               +--------+--------+--------+--------+--------+-----+--------+

Top non-repeatable levels by time:
     D:1: 643 daAuts
     D:2: 524 daAuts
     D:3: 276 daAuts
